 Dungeon Crawl Stone Soup version 0.21-a0-442-g848f44b (console) character file.

277 zero the Chopper (level 6, -9/38 HPs)
             Began as a Gargoyle Berserker on Nov 15, 2017.
             Was a Priest of Trog.
             Splashed by Ijyb's acid (11 damage)
             ... on level 3 of the Dungeon.
             The game lasted 00:01:32 (3114 turns).

zero the Chopper (Gargoyle Berserker)               Turns: 3114, Time: 00:01:33

Health: -9/38      AC:  4    Str: 23    XL:     6   Next: 25%
Magic:  6/6        EV:  8    Int:  7    God:    Trog [***...]
Gold:   130        SH:  9    Dex:  9    Spells: 5/5 levels left

rFire    . . .     SeeInvis .   Y - +0 hand axe
rCold    + . .     Gourm    .   d - +0 shield
rNeg     + + .     Faith    .   b - +0 scale mail
rPois    ∞         Spirit   .   f - +0 helmet
rElec    +         Reflect  .   (no cloak)
rCorr    .         Harm     .   (no gloves)
MR       .....                  (no boots)
Stlth    ..........             (no amulet)
HPRegen  0.12/turn              j - ring of protection from cold
MPRegen  0.10/turn              i - ring of positive energy

@: corroded, berserk cooldown, slowed, very slow
A: negative energy resistance 1, electricity resistance, unbreathing,
petrification resistance, rot immunity, AC +4
a: Berserk, Trog's Hand, Burn Spellbooks, Renounce Religion


You were on level 3 of the Dungeon.
You worshipped Trog.
Trog was most pleased with you.
You were very hungry.

You visited 1 branch of the dungeon, and saw 3 of its levels.

You collected 130 gold pieces.


Innate Abilities, Weirdness & Mutations

You are resistant to torment.
Your stone body is resilient. (AC +4)
You are immune to poison.
You resist negative energy. (rN+)
You are resistant to electric shocks. (rElec)
You can survive without breathing.
You are immune to petrification.
You are immune to rotting.


   Skills:
 - Level 4.0 Fighting
 - Level 5.2 Axes
 - Level 2.1 Armour
 - Level 1.5 Dodging
 + Level 2.9 Shields


You had 5 spell levels left.
You didn't know any spells.

Inventory:

Hand Weapons
 m - a +0 flail
 Y - a +0 hand axe (weapon)
Armour
 b - a +0 scale mail (worn)
 d - a +0 shield (worn)
 f - a +0 helmet (worn)
Jewellery
 i - a ring of positive energy (right hand)
 j - a ring of protection from cold (left hand)
Potions
 e - a potion of degeneration {unknown}
 g - a potion of resistance
 k - a potion of heal wounds
 n - a potion of lignification {unknown}
Comestibles
 a - 2 chunks of flesh
 c - a bread ration
 o - 4 fruits
 p - a meat ration

Dungeon Overview and Level Annotations

Branches:
Dungeon (3/15)

Altars:
Cheibriados
Hepliaklqana
Sif Muna
Zin

Annotations:
D:3 Ijyb


Message History

Ijyb barely misses you.
You hit Ijyb but do no damage.
Ijyb is heavily wounded.
Ijyb hits you but does no damage.
You closely miss Ijyb.
Ijyb is heavily wounded.
Ijyb hits you but does no damage.
You barely miss Ijyb.
Ijyb is heavily wounded.
Ijyb hits you but does no damage.
You barely miss Ijyb.
Ijyb is heavily wounded.
You are no longer berserk.
You are exhausted.
You feel yourself slow down.
You hit Ijyb but do no damage.
Ijyb is heavily wounded.
Ijyb screams, "Me stronger than you!" Ijyb hits you but does no damage.
Ijyb zaps a wand.
The bolt of acid hits you! The acid corrodes you!
You are splashed with acid!
The acid burns!
You die...

####.##.#....##### #.#
#.#.#.########.# #
#.#.#...........
#.##.#.#.###...##.#
.........##..#..#.# #..
#.......(###.#.# #.#
###..###.>#....# #.#
#..# ##...#.## #.# #..#
#####.# #.#
#######..########.# #.#
......g@......).#.##
#.#
####..#..######....#
#.#
#..#..########..###.#
... ....[.........^<.#
.##..#.>#######.#......
. . ............#.#####
. ############.# # #.#
# #.# # #># # #.# #


You could see Ijyb.

Vanquished Creatures
  3 orc wizards (D:3)
  Robin (D:2)
  5 gnolls (D:2)
  2 adders (D:2)
  An ooze (D:3)
  2 worms (D:2)
  3 dart slugs
  3 leopard geckos
  2 orcs (D:3)
  A ball python (D:1)
  2 giant cockroaches
  12 goblins
  19 hobgoblins
  9 jackals
  7 kobolds
  A quokka (D:3)
  12 bats
  5 frilled lizards
  6 rats
96 creatures vanquished.

Notes
Turn   | Place    | Note
-------+----------+-------------------------------------------
     0 | D:1      | zero the Gargoyle Berserker began the quest for the Orb.
     0 | D:1      | Reached XP level 1. HP: 14/14 MP: 1/1
     0 | D:1      | 0 ||| counter = 18
   165 | D:1      | Reached skill level 3 in Axes
   170 | D:1      | Reached XP level 2. HP: 14/19 MP: 2/2
   495 | D:1      | Reached XP level 3. HP: 23/23 MP: 3/3
   584 | D:1      | Reached ** piety under Trog
   669 | D:1      | Reached skill level 4 in Axes
   940 | D:1      | 940 ||| UPGRADING to ring mail.
   950 | D:1      | 950 ||| DROPPING +0 animal skin.
   951 | D:1      | 951 ||| READING 3 scrolls labeled VICVUE FUXUAGG.
   952 | D:1      | 952 ||| READING scroll labeled IRPHORI BIPTEPS.
   953 | D:1      | 953 ||| READING 2 scrolls labeled LARGHU AKHUHUUNN.
   954 | D:1      | 954 ||| READING scroll labeled YFUACZ YBALURCH.
   955 | D:1      | 955 ||| DRINKING 2 glowing purple potions.
   956 | D:1      | 956 ||| READING 2 scrolls of identify.
   956 | D:1      | 956 ||| IDENTIFYING opal ring
   957 | D:1      | 957 ||| UPGRADING to ring of protection from cold.
   958 | D:1      | 958 ||| DROPPING scroll of magic mapping.
  1036 | D:2      | Noticed Robin
  1040 | D:2      | 1040 ||| INVOKING Berserk.
  1049 | D:2      | Killed Robin
  1049 | D:2      | Reached XP level 4. HP: 28/28 MP: 4/4
  1480 | D:2      | 1480 ||| STAIRDANCE
  1499 | D:1      | 1499 ||| UPGRADING to scale mail.
  1509 | D:1      | 1509 ||| UPGRADING to helmet.
  1514 | D:1      | 1514 ||| DROPPING +0 ring mail.
  1515 | D:1      | 1515 ||| READING scroll labeled DIUTRYT ADIUG.
  1516 | D:1      | 1516 ||| READING 2 scrolls of identify.
  1516 | D:1      | 1516 ||| IDENTIFYING pink potion
  1629 | D:2      | Reached skill level 5 in Axes
  1677 | D:2      | Reached XP level 5. HP: 25/32 MP: 5/5
  1832 | D:2      | 1832 ||| DROPPING club.
  1833 | D:2      | 1833 ||| DROPPING whip.
  1901 | D:2      | Reached *** piety under Trog
  1909 | D:2      | 1909 ||| STAIRDANCE
  1999 | D:1      | 1999 ||| READING scroll labeled ROBAM YPNIBRON.
  2010 | D:2      | 2010 ||| STAIRDANCE
  2278 | D:2      | Found a snail-covered altar of Cheibriados.
  2607 | D:2      | Found a glowing silver altar of Zin.
  2630 | D:2      | 2630 ||| UPGRADING to shield.
  2635 | D:2      | 2635 ||| READING scroll of identify.
  2635 | D:2      | 2635 ||| IDENTIFYING tubular iron ring
  2636 | D:2      | 2636 ||| UPGRADING to ring of positive energy.
  2711 | D:3      | 2711 ||| INVOKING Berserk.
  2714 | D:3      | Reached skill level 1 in Shields
  2721 | D:3      | Reached XP level 6. HP: 38/38 MP: 6/6
  2723 | D:3      | 2723 ||| Stepping randomly (disturbance).
  2724 | D:3      | 2724 ||| Stepping randomly (disturbance).
  2725 | D:3      | 2725 ||| Stepping randomly (disturbance).
  2731 | D:3      | 2731 ||| Stepping randomly (disturbance).
  2732 | D:3      | 2732 ||| EATING royal jelly.
  2958 | D:3      | Found a deep blue altar of Sif Muna.
  2970 | D:3      | Found a hazy altar of Hepliaklqana.
  3098 | D:3      | Noticed Ijyb
  3101 | D:3      | 3101 ||| INVOKING Berserk.
  3114 | D:3      | HP: 2/38 [Ijyb/wand of acid (?/15) (12)]
  3114 | D:3      | Splashed by Ijyb's acid

Vault maps used:
D:1:      scummos_arrival_checkerplants
D:2:      overflow_temple_1_default, cheibriados_altar_1, cheibrodos_gnoll_hut,
          uniq_robin
D:3:      minitemple, first_bread, glass_columns_b, uniq_ijyb

Skill      XL: |  1  2  3  4  5 |
---------------+----------------+-----
Axes           | 3 4 5 |  5.2
Fighting       | 4 |  4.0
Shields        | 2 |  2.9
Armour         | |  2.1
Dodging        | |  1.5

Action                   |  1- 3 |  4- 6 || total
-------------------------+-------+-------++-------
Melee: Hand axe          |   122 |   239 ||   361
Invok: Berserk           |     1 |     2 ||     3
  Use: Scroll            |     5 |     4 ||     9
       Potion            |     1 |       ||     1
  Eat: Chunk             |     1 |     6 ||     7
       Royal jelly       |       |     1 ||     1
Armor: Animal skin       |    31 |       ||    31
       Ring mail         |     8 |    42 ||    50
       Scale mail        |       |    78 ||    78
Dodge: Dodged            |    72 |   125 ||   197
Block: Shield            |       |    15 ||    15

Table legend:
 A = Spawn XP
 B = Non-spawn XP
 C = Spawn XP percentage of total XP
 D = Spawn monster count
 E = Non-spawn monster count
 F = Spawn count percentage of total count
 G = Total turns spent on level
                    A         B        C        D         E        F      G
               +---------+---------+-------+---------+---------+-------+---------
         Total |       0 |     396 |   0.0 |       0 |      96 |   0.0 |  3114
               +---------+---------+-------+---------+---------+-------+---------
           D:1 |       0 |      68 |   0.0 |       0 |      36 |   0.0 |  1187
           D:2 |       0 |     191 |   0.0 |       0 |      48 |   0.0 |  1496
           D:3 |       0 |     137 |   0.0 |       0 |      12 |   0.0 |   431
               +---------+---------+-------+---------+---------+-------+---------
